APL (24 & UNDER)
BEAVERTON BRONZE SOULS @ ATHENS ASSASSINS
08/24/2027
 
TOP OF THE 1ST
Beaverton Bronze Souls batting - Pitching for Athens Assassins : RHP António Molina
Pitching: RHP António Molina
Batting: SHB Felipe Castro 0-0: Called Strike
0-1: Ball
1-1: Fly out, F5 (Popup, 5D)
Batting: RHB Carlos Guevara 0-0: Ball
1-0: Ball
2-0: Ball
3-0: Called Strike
3-1: Called Strike
3-2: SINGLE (Groundball, 4MD)
Batting: LHB Luis Aragón 0-0: Called Strike
0-1: Ball
1-1: Ball
2-1: Foul Ball, location: 2F
2-2: Foul Ball, location: 2F
2-2: Foul Ball, location: 2F
2-2: Fly out, F4 (Popup, 4D)
Batting: LHB Juan Palácios 0-0: Ball
1-0: Fly out, F7 (Flyball, 78M)
Top of the 1st over - 0 run(s), 1 hit(s), 0 error(s), 1 left on base; Beaverton 0 - Athens 0
BOTTOM OF THE 1ST
Athens Assassins batting - Pitching for Beaverton Bronze Souls : LHP Jeff Brennan
Pitching: LHP Jeff Brennan
Batting: RHB Pedro Tapia 0-0: Swinging Strike
0-1: Foul Ball, location: 2F
0-2: Ball
1-2: Ball
2-2: Strikes out swinging
Batting: RHB James Anderson 0-0: Called Strike
0-1: Ball
1-1: SINGLE (Flyball, 89S)
Batting: RHB Foster Hapgood 0-0: Ball
1-0: SINGLE (Line Drive, 78S)
James Anderson to second
Batting: RHB Jorge Loanos 0-0: Called Strike
0-1: Ball
1-1: Foul Ball, location: 2F
1-2: Foul Ball, location: 2F
1-2: Ball
2-2: Ball
3-2: Fielders Choice at 2nd, 6-4 (Groundball, 6)
James Anderson to third
Batting: RHB Don Martin 0-0: Ball
1-0: Ball
2-0: Foul Ball, location: 2F
2-1: Ball
3-1: Foul Ball, location: 2F
3-2: Fly out, F6 (Flyball, 6D)
Bottom of the 1st over - 0 run(s), 2 hit(s), 0 error(s), 2 left on base; Beaverton 0 - Athens 0
TOP OF THE 2ND
Beaverton Bronze Souls batting - Pitching for Athens Assassins : RHP António Molina
Batting: RHB Rusty Anderson 0-0: Swinging Strike
0-1: Foul Ball, location: 2F
0-2: Strikes out looking
Batting: RHB Rubén Ramírez 0-0: Ball
1-0: Ball
2-0: Ball
3-0: Called Strike
3-1: Called Strike
3-2: Reached on error, E6 (Groundball, 6S)
Batting: RHB Vernon Harris 0-0: Ball
1-0: Fly out, F3 (Popup, 3)
Batting: LHB Alonso Contreras 0-0: Called Strike
0-1: Ball
1-1: Ball
2-1: Foul Ball, location: 2F
2-2: Strikes out looking
Top of the 2nd over - 0 run(s), 0 hit(s), 1 error(s), 1 left on base; Beaverton 0 - Athens 0
BOTTOM OF THE 2ND
Athens Assassins batting - Pitching for Beaverton Bronze Souls : LHP Jeff Brennan
Batting: RHB Júlio Castillo 0-0: Fly out, F7 (Flyball, 7)
Batting: LHB Jeff Thompson 0-0: Called Strike
0-1: Called Strike
0-2: Ball
1-2: Ball
2-2: Hit by Pitch
Batting: RHB Alfonso Flores 0-0: Called Strike
0-1: SINGLE (Groundball, 56D)
Jeff Thompson to second
Batting: RHB Maximino Abbado 0-0: Called Strike
0-1: SINGLE (Groundball, 56D)
Jeff Thompson to third
Alfonso Flores to second
Runner from 3rd tries for Home, SAFE, throw made home
Batting: RHB Pedro Tapia 0-0: Ball
1-0: Swinging Strike
1-1: Ball
2-1: SINGLE (Line Drive, 7S)
Alfonso Flores to third
Maximino Abbado to second
Runner from 3rd tries for Home, SAFE, no throw
Batting: RHB James Anderson 0-0: Called Strike
0-1: Ball
1-1: Called Strike
1-2: Ball
2-2: Ball
3-2: Foul Ball, location: 2F
3-2: Strikes out looking
Batting: RHB Foster Hapgood 0-0: Called Strike
0-1: Ball
1-1: Ground out 4-3 (Groundball, 34)
Bottom of the 2nd over - 2 run(s), 3 hit(s), 0 error(s), 2 left on base; Beaverton 0 - Athens 2
TOP OF THE 3RD
Beaverton Bronze Souls batting - Pitching for Athens Assassins : RHP António Molina
Batting: SHB Caleb Hart 0-0: Ground out 6-3 (Groundball, 6M)
Batting: SHB Felipe Castro 0-0: Ball
1-0: SOLO HOME RUN (Flyball, 8LXD), Distance : 404 ft
Batting: RHB Carlos Guevara 0-0: Swinging Strike
0-1: Foul Ball, location: 2F
0-2: Ball
1-2: Foul Ball, location: 2F
1-2: Strikes out swinging, 2-3 out at first.
Batting: LHB Luis Aragón 0-0: Ball
1-0: Ground out 4-3 (Groundball, 4)
Top of the 3rd over - 1 run(s), 1 hit(s), 0 error(s), 0 left on base; Beaverton 1 - Athens 2
BOTTOM OF THE 3RD
Athens Assassins batting - Pitching for Beaverton Bronze Souls : LHP Jeff Brennan
Batting: RHB Jorge Loanos 0-0: Ball
1-0: Ball
2-0: Fly out, F3 (Popup, 34S)
Batting: RHB Don Martin 0-0: Ball
1-0: Called Strike
1-1: Ball
2-1: Swinging Strike
2-2: Strikes out looking
Batting: RHB Júlio Castillo 0-0: SINGLE (Groundball, 6) (infield hit)
Batting: LHB Jeff Thompson 0-0: Ball
1-0: Called Strike
1-1: Ball
2-1: Called Strike
2-2: Strikes out swinging, 2-3 out at first.
Bottom of the 3rd over - 0 run(s), 1 hit(s), 0 error(s), 1 left on base; Beaverton 1 - Athens 2
TOP OF THE 4TH
Beaverton Bronze Souls batting - Pitching for Athens Assassins : RHP António Molina
Batting: LHB Juan Palácios 0-0: Called Strike
0-1: Ball
1-1: Foul Ball, location: 2F
1-2: Foul Ball, location: 2F
1-2: Ball
2-2: Foul Ball, location: 2F
2-2: Foul Ball, location: 2F
2-2: Ground out 4-3 (Groundball, 4)
Batting: RHB Rusty Anderson 0-0: Called Strike
0-1: Ball
1-1: Foul Ball, location: 2F
1-2: Ground out 5-3 (Groundball, 56S)
Batting: RHB Rubén Ramírez 0-0: Called Strike
0-1: Foul Ball, location: 2F
0-2: Strikes out looking
Top of the 4th over - 0 run(s), 0 hit(s), 0 error(s), 0 left on base; Beaverton 1 - Athens 2
BOTTOM OF THE 4TH
Athens Assassins batting - Pitching for Beaverton Bronze Souls : LHP Jeff Brennan
Batting: RHB Alfonso Flores 0-0: Called Strike
0-1: Ball
1-1: Foul Ball, location: 2F
1-2: Foul Ball, location: 2F
1-2: Ball
2-2: Ball
3-2: DOUBLE (Groundball, 3D)
Batting: RHB Maximino Abbado 0-0: Swinging Strike
0-1: Foul Ball, location: 2F
0-2: Ball
1-2: Strikes out swinging
Batting: RHB Pedro Tapia 0-0: Called Strike
0-1: Ball
1-1: Swinging Strike
1-2: Ball
2-2: Fly out, F9 (Flyball, 9LM)
Batting: RHB James Anderson 0-0: SINGLE (Line Drive, 78S)
Alfonso Flores to third
Runner from 3rd tries for Home, SAFE, throw made home
James Anderson to second
Batting: RHB Foster Hapgood 0-0: Ball
1-0: Foul Ball, location: 2F
1-1: Ball
2-1: Fly out, F9 (Flyball, 89M)
Bottom of the 4th over - 1 run(s), 2 hit(s), 0 error(s), 1 left on base; Beaverton 1 - Athens 3
TOP OF THE 5TH
Beaverton Bronze Souls batting - Pitching for Athens Assassins : RHP António Molina
Batting: RHB Vernon Harris 0-0: SINGLE (Groundball, 3S) (infield hit)
Batting: LHB Alonso Contreras 0-0: SINGLE (Line Drive, 56)
Vernon Harris to second
Batting: SHB Caleb Hart 0-0: Ball
1-0: Ball
2-0: Swinging Strike
2-1: Called Strike
2-2: Foul Ball, location: 2F
2-2: Strikes out swinging
Batting: SHB Felipe Castro 0-0: Ball
1-0: SINGLE (Line Drive, 7S)
Vernon Harris to third
Alonso Contreras to second
Batting: RHB Carlos Guevara 0-0: Called Strike
0-1: Foul Ball, location: 2F
0-2: Ball
1-2: Ball
2-2: Foul Ball, location: 2F
2-2: Ground out 6-3 (Groundball, 6S)
Vernon Harris scores
Alonso Contreras to third
Felipe Castro to second
Batting: LHB Luis Aragón 0-0: Called Strike
0-1: Reached on error, E6 (Groundball, 6S)
Alonso Contreras scores
Felipe Castro to third
Batting: LHB Juan Palácios 0-0: Ball
1-0: Foul Ball, location: 2F
1-1: Fly out, F7 (Line Drive, 7)
Top of the 5th over - 2 run(s), 3 hit(s), 1 error(s), 2 left on base; Beaverton 3 - Athens 3
BOTTOM OF THE 5TH
Athens Assassins batting - Pitching for Beaverton Bronze Souls : LHP Jeff Brennan
Pitching: RHP Arturo García
Batting: RHB Jorge Loanos 0-0: Called Strike
0-1: Ball
1-1: Ball
2-1: Ball
3-1: Foul Ball, location: 2F
3-2: Foul Ball, location: 2F
3-2: Strikes out looking
Batting: RHB Don Martin 0-0: Ball
1-0: Swinging Strike
1-1: Ball
2-1: Ground out 6-3 (Groundball, 6)
Batting: RHB Júlio Castillo 0-0: Called Strike
0-1: Fly out, F8 (Flyball, 8RM)
Bottom of the 5th over - 0 run(s), 0 hit(s), 0 error(s), 0 left on base; Beaverton 3 - Athens 3
TOP OF THE 6TH
Beaverton Bronze Souls batting - Pitching for Athens Assassins : RHP António Molina
Batting: RHB Rusty Anderson 0-0: Foul Ball, location: 2F
0-1: Ball
1-1: Foul Ball, location: 2F
1-2: Strikes out swinging
Batting: RHB Rubén Ramírez 0-0: Ball
1-0: Foul Ball, location: 2F
1-1: Foul Ball, location: 2F
1-2: Ball
2-2: Foul Ball, location: 2F
2-2: Strikes out swinging
Batting: RHB Vernon Harris 0-0: Ball
1-0: DOUBLE (Line Drive, 89D)
Pitching: RHP Kieron Lahyani
Batting: LHB Alonso Contreras 0-0: Swinging Strike
0-1: Ball
1-1: Ball
2-1: Ball
3-1: Base on Balls
Batting: SHB Caleb Hart 0-0: Ball
1-0: Called Strike
1-1: Fly out, F7 (Flyball, 78M)
Top of the 6th over - 0 run(s), 1 hit(s), 0 error(s), 2 left on base; Beaverton 3 - Athens 3
BOTTOM OF THE 6TH
Athens Assassins batting - Pitching for Beaverton Bronze Souls : RHP Arturo García
Batting: LHB Jeff Thompson 0-0: DOUBLE (Line Drive, 89D)
Batting: RHB Alfonso Flores 0-0: Foul Ball, location: 2F
0-1: Ball
1-1: Called Strike
1-2: Strikes out swinging
Batting: RHB Maximino Abbado 0-0: Swinging Strike
0-1: Fly out, F8 (Flyball, 8RM)
Batting: RHB Pedro Tapia 0-0: Swinging Strike
0-1: Ball
1-1: Called Strike
1-2: Foul Ball, location: 2F
1-2: Ball
2-2: Strikes out swinging
Bottom of the 6th over - 0 run(s), 1 hit(s), 0 error(s), 1 left on base; Beaverton 3 - Athens 3
TOP OF THE 7TH
Beaverton Bronze Souls batting - Pitching for Athens Assassins : RHP Kieron Lahyani
Batting: SHB Felipe Castro 0-0: Ball
1-0: Swinging Strike
1-1: Ball
2-1: SINGLE (Groundball, 34S) (infield hit)
Batting: RHB Carlos Guevara 0-0: Foul Ball, location: 2F
0-1: DOUBLE (Line Drive, 78M)
Felipe Castro to third
Batting: LHB Luis Aragón 0-0: Ball
1-0: Ball
2-0: Called Strike
2-1: DOUBLE (Line Drive, 8LM)
Felipe Castro scores
Carlos Guevara scores
Batting: LHB Juan Palácios 0-0: Swinging Strike
0-1: Ground out U3 (Groundball, 3)
Luis Aragón to third
Batting: RHB Rusty Anderson 0-0: Intentional Walk
Pinch Hitting: LHB Howard Holder 0-0: Ball
1-0: Fielders Choice at 2nd, 4-6 (Groundball, 4M)
Luis Aragón scores
Pitching: RHP José Arévalo
Batting: RHB Vernon Harris 0-0: Called Strike
0-1: SINGLE (Line Drive, 9S)
Howard Holder to second
Runner from 2nd tries for 3rd, SAFE, throw made to third
Batting: LHB Alonso Contreras 0-0: SINGLE (Flyball, 8RS)
Howard Holder scores
Vernon Harris to second
Runner from 2nd tries for 3rd, OUT after rundown.
Top of the 7th over - 4 run(s), 5 hit(s), 0 error(s), 1 left on base; Beaverton 7 - Athens 3
BOTTOM OF THE 7TH
Athens Assassins batting - Pitching for Beaverton Bronze Souls : RHP Arturo García
Now at 2B: José Dávila
Batting: RHB James Anderson 0-0: Ball
1-0: Ball
2-0: Called Strike
2-1: Foul Ball, location: 2F
2-2: Ball
3-2: Foul Ball, location: 2F
3-2: Foul Ball, location: 2F
3-2: Strikes out swinging
Batting: RHB Foster Hapgood 0-0: Fly out, F4 (Line Drive, 4)
Batting: RHB Jorge Loanos 0-0: Ball
1-0: Fly out, F8 (Flyball, 8LM)
Bottom of the 7th over - 0 run(s), 0 hit(s), 0 error(s), 0 left on base; Beaverton 7 - Athens 3
TOP OF THE 8TH
Beaverton Bronze Souls batting - Pitching for Athens Assassins : RHP José Arévalo
Batting: SHB Caleb Hart 0-0: Ball
1-0: Ball
2-0: Fly out, F8 (Flyball, 78D)
Batting: SHB Felipe Castro 0-0: Called Strike
0-1: Foul Ball, location: 2F
0-2: Foul Ball, location: 2F
0-2: Ball
1-2: Foul Ball, location: 2F
1-2: Ball
2-2: Fly out, F3 (Line Drive, 3S)
Batting: RHB Carlos Guevara 0-0: Called Strike
0-1: SINGLE (Groundball, 6D)
Batting: LHB Luis Aragón 0-0: Called Strike
0-1: Ball
1-1: Swinging Strike
1-2: Strikes out swinging
Top of the 8th over - 0 run(s), 1 hit(s), 0 error(s), 1 left on base; Beaverton 7 - Athens 3
BOTTOM OF THE 8TH
Athens Assassins batting - Pitching for Beaverton Bronze Souls : RHP Arturo García
Batting: RHB Don Martin 0-0: Fly out, F6 (Popup, 6MS)
Batting: RHB Júlio Castillo 0-0: Ground out 6-3 (Groundball, 6S)
Batting: LHB Jeff Thompson 0-0: Called Strike
0-1: Swinging Strike
0-2: Ball
1-2: Hit by Pitch
Batting: RHB Alfonso Flores 0-0: Called Strike
0-1: Foul Ball, location: 2F
0-2: Strikes out swinging
Bottom of the 8th over - 0 run(s), 0 hit(s), 0 error(s), 1 left on base; Beaverton 7 - Athens 3
TOP OF THE 9TH
Beaverton Bronze Souls batting - Pitching for Athens Assassins : RHP José Arévalo
Batting: LHB Juan Palácios 0-0: Foul Ball, location: 2F
0-1: Ball
1-1: Foul Ball, location: 2F
1-2: Foul Ball, location: 2F
1-2: Ball
2-2: Strikes out swinging
Batting: RHB Rusty Anderson 0-0: Fly out, F4 (Popup, 34D)
Batting: RHB José Dávila 0-0: Foul Ball, location: 2F
0-1: Foul Ball, location: 2F
0-2: SINGLE (Groundball, 34D)
Batting: RHB Vernon Harris 0-0: Ball
1-0: Called Strike
1-1: Ball
2-1: Ball
José Dávila steals 2nd base
3-1: SINGLE (Line Drive, 34D)
José Dávila to third
Runner from 3rd tries for Home, SAFE, no throw
Batting: LHB Alonso Contreras 0-0: Swinging Strike
0-1: Ball
1-1: Called Strike
1-2: Fly out, F7 (Flyball, 7)
Top of the 9th over - 1 run(s), 2 hit(s), 0 error(s), 1 left on base; Beaverton 8 - Athens 3
BOTTOM OF THE 9TH
Athens Assassins batting - Pitching for Beaverton Bronze Souls : RHP Arturo García
Now at C: Carlos Carrillo
Now at 1B: Ed Fuhrman
Batting: RHB Maximino Abbado 0-0: Ball
1-0: Ball
2-0: Foul Ball, location: 2F
2-1: SINGLE (Groundball, 4MD)
Batting: RHB Pedro Tapia 0-0: Ball
1-0: Ball
2-0: Swinging Strike
2-1: Foul Ball, location: 2F
2-2: Strikes out swinging
Batting: RHB James Anderson 0-0: Ball
1-0: Foul Ball, location: 2F
1-1: Foul Ball, location: 2F
1-2: Foul Ball, location: 2F
1-2: Ball
2-2: SINGLE (Flyball, 6MD)
Maximino Abbado to second
Runner from 2nd tries for 3rd, SAFE, throw made to third
Batting: RHB Foster Hapgood 0-0: Called Strike
0-1: Ball
1-1: Ball
2-1: SINGLE (Flyball, 9LS)
Maximino Abbado scores
James Anderson to second
Pitching: RHP David Peterson
Batting: RHB Jorge Loanos 0-0: SINGLE (Groundball, 56D)
James Anderson to third
Foster Hapgood to second
Runner from 3rd tries for Home, SAFE, throw made at trailing runner, OUT at third!
Batting: RHB Don Martin 0-0: Ball
1-0: Called Strike
1-1: Ball
2-1: Foul Ball, location: 2F
2-2: Foul Ball, location: 2F
2-2: Fly out, F9 (Flyball, 89S)
Bottom of the 9th over - 2 run(s), 4 hit(s), 0 error(s), 1 left on base; Beaverton 8 - Athens 5
Thursday, March 30th, 2017 - OOTP Baseball 17.12 Build 75